 Dungeon Crawl Stone Soup version 0.17.0-18-gaab0e96 (webtiles) character file.

3150 4thArraOfDagon the Grappler (level 9, -4/81 HPs)
             Began as a Minotaur Monk on Nov 11, 2015.
             Was a Priest of Cheibriados.
             Slain by an orc wizard
             ... wielding a +2 dagger of electrocution
              (10 damage)
             ... on level 10 of the Dungeon.
             The game lasted 00:11:04 (1880 turns).

4thArraOfDagon the Grappler (Minotaur Monk)         Turns: 1880, Time: 00:11:05

Health: -4/81      AC: 11    Str: 24    XL:     9   Next: 62%
Magic:  12/12      EV: 14    Int: 18    God:    Cheibriados [***...]
Gold:   179        SH:  0    Dex: 24    Spells: 0 memorised, 8 levels left

rFire  . . .     SeeInvis +       - Unarmed
rCold  . . .     Clarity  .     k - +0 chain mail
rNeg   + . .     SustAt   .     (no shield)
rPois  .         Gourm    .     (helmet restricted)
rElec  .         Spirit   .     i - +0 cloak
rCorr  .         Warding  +     (no gloves)
rMut   .         Stasis   .     j - +1 pair of boots
MR     .....                    m - amulet of warding
Stlth  ..........               l - ring of see invisible
                                g - +3 ring of dexterity

@: very slow, not resistant to hostile enchantments, extremely unstealthy
A: retaliatory headbutt, horns 2
a: Bend Time, Temporal Distortion, Renounce Religion


You were on level 10 of the Dungeon.
You worshipped Cheibriados.
Cheibriados was most pleased with you.
You were not hungry.

You visited 1 branch of the dungeon, and saw 10 of its levels.

You collected 179 gold pieces.

Inventory:

Hand Weapons
 x - a +0 blowgun
Missiles
 e - 17 stones
 v - a javelin (quivered)
 w - 10 curare-tipped needles
Armour
 i - a +0 cloak (worn)
 j - a +1 pair of boots (worn)
 k - a +0 chain mail (worn)
 n - a +1 robe of positive energy
Jewellery
 g - a +3 ring of dexterity (left hand)
 l - a ring of see invisible (right hand)
 m - an amulet of warding (around neck)
Wands
 f - a wand of slowing (46)
Scrolls
 a - a scroll of fear {unknown}
 h - a scroll of enchant armour
 o - a scroll of remove curse {unknown}
 r - a scroll of noise {unknown}
Potions
 c - a potion of curing
 d - 2 potions of brilliance
 p - a potion of invisibility {unknown}
 q - a potion of might
 s - a potion of resistance {unknown}
Comestibles
 b - 3 bread rations
 t - 4 chunks of flesh
 u - a beef jerky


   Skills:
 + Level 8.1 Fighting
 + Level 7.4 Dodging
 - Level 1.5 Stealth
 * Level 10.3 Unarmed Combat
 + Level 5.9 Invocations


You had 8 spell levels left.
You didn't know any spells.

Dungeon Overview and Level Annotations

Branches:
Dungeon (10/15)            Temple (0/1) D:5
   Lair: D:8-11         Orc: D:9-12

Altars:
Cheibriados
Trog
Xom

Shops:
D:8 [


Innate Abilities, Weirdness & Mutations

You reflexively headbutt those who attack you in melee.
You have a pair of horns on your head.


Message History

Cheibriados thoroughly appreciates the change of pace.
The orc wizard hits you but does no damage.
You are electrocuted!
* * * LOW HITPOINT WARNING * * *
You are too injured to fight recklessly!
You are too injured to fight recklessly!
You are too injured to fight recklessly!
You hit the orc wizard. Your headbutt misses the orc wizard.
The orc wizard is moderately wounded.
The orc wizard hits you but does no damage.
You barely miss the orc wizard.
The orc wizard is moderately wounded.
The orc wizard hits you but does no damage.
You are electrocuted!
* * * LOW HITPOINT WARNING * * *
You hit the orc wizard.
The orc wizard is severely wounded.
The orc wizard hits you but does no damage.
You are electrocuted!
You die...

+........#..........#..
#........#..........#..
#........#..........'..
#........#..........#..
#........#..........#..
#........#..........#..
#.....)..#..........#..
.#######'########...####
......)@).......#####.<.
......o.........#...#...
................#...'...
.......(........#...#...
................#...#...
................#...#...
................#...#...
...............)#####...
###+#######...........)


You could see an orc wizard.

Vanquished Creatures
  Erica (D:8)
  Sonja (D:10)
  A two-headed ogre (D:10)
  The ghost of Dirtsage the Insei, an amateur OpMo of Ashenzari (D:5)
  A wyvern (D:9)
  A hungry ghost (D:9)
  A water moccasin (D:5)
  A phantom (D:5)
  A wasp (D:9)
  A sky beast (D:5)
  An ogre (D:8)
  A giant frog (D:10)
  7 killer bees
  A giant frog zombie (D:10)
  A giant frog skeleton (D:8)
  A jelly (D:9)
  2 orc priests (D:10)
  A gnoll shaman (D:8)
  An orc wizard (D:5)
  2 worker ants (D:8)
  2 hound skeletons
  2 adders
  6 gnolls
  A shadow imp (D:8)
  An ooze (D:5)
  A worm (D:2)
  3 giant geckos
  9 orcs
  7 bats
  6 hobgoblins
  6 jackals
  3 kobolds
  4 quokkas
  A giant cockroach (D:2)
  5 giant newts
  4 goblins
  7 rats
96 creatures vanquished.

Notes
Turn   | Place    | Note
--------------------------------------------------------------
     0 | D:1      | 4thArraOfDagon the Minotaur Monk began the quest for the Orb.
     0 | D:1      | Reached XP level 1. HP: 19/19 MP: 0/0
    71 | D:2      | Found a snail-covered altar of Cheibriados.
   112 | D:1      | Reached XP level 2. HP: 25/27 MP: 1/1
   288 | D:2      | Reached skill level 5 in Unarmed Combat
   293 | D:2      | Became a worshipper of Cheibriados the Contemplative
   293 | D:2      | Reached * piety under Cheibriados
   293 | D:2      | Reached ** piety under Cheibriados
   297 | D:2      | Reached XP level 3. HP: 18/33 MP: 2/2
   402 | D:1      | Reached skill level 1 in Invocations
   658 | D:2      | Reached *** piety under Cheibriados
   739 | D:5      | Entered Level 5 of the Dungeon
   739 | D:5      | Noticed a phantom
   742 | D:5      | Reached XP level 4. HP: 41/41 MP: 3/3
   760 | D:5      | Killed a phantom
   760 | D:5      | Reached XP level 5. HP: 21/47 MP: 3/5
   762 | D:5      | Found a staircase to the Ecumenical Temple.
   768 | D:5      | Found a bloodstained altar of Trog.
   852 | D:5      | Noticed Dirtsage's ghost (amateur OpMo)
   881 | D:5      | Noticed a sky beast
   891 | D:5      | Killed a sky beast
   891 | D:5      | Reached skill level 5 in Fighting
   891 | D:5      | Reached skill level 6 in Unarmed Combat
   891 | D:5      | Reached XP level 6. HP: 47/56 MP: 2/6
   996 | D:5      | Noticed a water moccasin
  1000 | D:5      | Killed a water moccasin
  1012 | D:5      | Killed Dirtsage's ghost
  1012 | D:5      | Reached XP level 7. HP: 39/61 MP: 6/8
  1063 | D:4      | Reached skill level 7 in Unarmed Combat
  1248 | D:8      | Reached skill level 5 in Dodging
  1339 | D:8      | Found Qoax's Armour Shop.
  1343 | D:8      | :(
  1378 | D:8      | Noticed Erica
  1404 | D:8      | Killed Erica
  1404 | D:8      | Reached skill level 8 in Unarmed Combat
  1404 | D:8      | Reached XP level 8. HP: 54/71 MP: 3/10
  1524 | D:8      | Reached **** piety under Cheibriados
  1585 | D:8      | Reached skill level 9 in Unarmed Combat
  1676 | D:8      | Found a shimmering altar of Xom.
  1781 | D:9      | Reached skill level 5 in Invocations
  1781 | D:9      | Reached XP level 9. HP: 64/79 MP: 11/11
  1783 | D:10     | Entered Level 10 of the Dungeon
  1839 | D:10     | Noticed Sonja
  1840 | D:10     | Killed Sonja
  1840 | D:10     | Reached skill level 10 in Unarmed Combat
  1880 | D:10     | Slain by an orc wizard

Action                   |  1- 3 |  4- 6 |  7- 9 || total
-------------------------+-------+-------+-------++-------
Melee: Unarmed           |    75 |    38 |   108 ||   221
Throw: Javelin           |       |       |     5 ||     5
Invok: Bend Time         |       |     1 |     2 ||     3
       Slouch            |       |       |     2 ||     2
Evoke: Wand              |     1 |       |       ||     1
  Use: Scroll            |     4 |       |     4 ||     8
       Potion            |     2 |       |       ||     2
 Stab: Sleeping          |     3 |       |       ||     3
       Distracted        |     1 |     1 |       ||     2
  Eat: Beef jerky        |       |       |     1 ||     1
       Chunk             |       |       |     1 ||     1
